 Dungeon Crawl Stone Soup version 0.31.0-4-g52a2dc7128 (webtiles) character file.

Game seed: 3023425776566006530

1710 Colgate the Mimic (level 8, -2/55 HPs)
             Began as a Vampire Reaver on Jan 22, 2024.
             Was an Initiate of Trog.
             Slain by an orc warrior
             ... wielding a +0 battleaxe
              (9 damage)
             ... on level 5 of the Dungeon.
             The game lasted 00:31:32 (8812 turns).

Colgate the Mimic (Vampire Reaver)                  Turns: 8812, Time: 00:31:32

Health: -2/55      AC: 10    Str: 13    XL:     8   Next: 74%
Magic:  11/11      EV: 16    Int: 16    God:    Trog [......]
Gold:   103        SH:  7    Dex: 12    Spells: 10/11 levels left

rFire   . . .        b - +0 trident
rCold   . . .        m - +0 kite shield
rNeg    . . .        i - +0 plate armour {rPois}
rPois   +            (no helmet)
rElec   .            x - scarf {repulsion}
rCorr   .            (no gloves)
SInv    +            (no boots)
Will    .....        l - amulet of the acrobat Stlth
                     (no ring)
HPRegen 0.49/turn    (no ring)
MPRegen 0.12/turn

%: repel missiles, acrobat
@: acrobatic, healing quickly
A: alive, fangs 3, see invisible, vampiric 2
a: Exsanguinate, Renounce Religion


You were on level 5 of the Dungeon.
You worshipped Trog.
Trog was noncommittal.
You visited 1 branch of the dungeon, and saw 6 of its levels.

You collected 319 gold pieces.
You spent 216 gold pieces at shops.

Inventory:

Hand Weapons
 b - a +0 trident (weapon)
 p - a +0 whip of freezing
 s - a +0 short sword of freezing
Missiles
 f - 3 poisoned darts
 q - 2 throwing nets {!f}
Armour
 i - a +0 plate armour of poison resistance (worn)
 m - a +0 kite shield (worn)
 x - a scarf of repulsion (worn)
Jewellery
 l - an amulet of the acrobat (around neck)
Talismans
 u - a blade talisman
Wands
 n - a wand of paralysis (3)
 t - a wand of flame (2)
Scrolls
 a - 2 scrolls of blinking {unknown}
 e - a scroll of noise
 g - 2 scrolls of fear
 j - 4 scrolls of teleportation {@r3}
 k - a scroll of amnesia {unknown}
 o - 2 scrolls of poison {unknown}
Potions
 c - a potion of invisibility
 d - 2 potions of mutation
 h - a potion of might {@q3}
 r - a potion of brilliance
 v - a potion of lignification
 w - a potion of haste {unknown}
 z - a potion of curing {@q1}


   Skills:
 - Level 1.7 Fighting
 - Level 4.0 Long Blades
 - Level 5.5 Polearms
 - Level 2.1 Dodging
 - Level 2.0 Spellcasting
 - Level 2.1 Conjurations
 + Level 8.8 Shapeshifting


You had 10 spell levels left.
You knew the following spells:

 Your Spells              Type           Power      Damage    Failure   Level
a - Kiss of Death         Conj/Necr      20%        2d7       100%        1

Your spell library contained the following spells:

 Spells                   Type           Power      Damage    Failure   Level
 Summon Small Mammal      Summ           4%         N/A       100%        1
 Blink                    Tloc           2%         N/A       100%        2
 Ensorcelled Hibernation  Hex/Ice        2%         N/A       100%        2
 Lesser Beckoning         Tloc           2%         N/A       100%        2
 Momentum Strike          Conj/Tloc      10%        3d8       100%        2
 Call Canine Familiar     Summ           1%         N/A       100%        3
 Hailstorm                Conj/Ice       5%         3d5       100%        3
 Passwall                 Erth           1%         N/A       100%        3
 Swiftness                Air            1%         N/A       100%        3
 Manifold Assault         Tloc           1%         N/A       100%        4
 Summon Blazeheart Golem  Fire/Summ      1%         N/A       100%        4
 Dispersal                Tloc           0%         N/A       100%        6
 Disjunction              Tloc           0%         N/A       100%        8


Dungeon Overview and Level Annotations

Branches:
Dungeon (6/15)
 Temple: D:4-7

Altars:
Fedhas
Trog

Shops:
D:2 [   D:5 :

Annotations:
D:5 1 runed translucent door, Eitelfritz's ghost, novice TrGl


Innate Abilities, Weirdness & Mutations

Your natural rate of healing is accelerated.
You have razor-sharp teeth.
You have supernaturally acute eyesight. (SInv)
You are afflicted with vampirism and can become a bat while bloodless.


Message History

You block the orc warrior's attack.
You closely miss the orc warrior.
The orc warrior hits you with a +0 battleaxe!
The orc warrior hits you with a +0 battleaxe.
You hit the orc warrior but do no damage.
The orc warrior hits you with a +0 battleaxe!
You hit the orc warrior.
The orc warrior hits you but does no damage.
You hit the orc warrior.
The orc warrior hits you but does no damage.
You hit the orc warrior but do no damage.
The orc warrior hits you with a +0 battleaxe!
The orc warrior hits you but does no damage.
You are too injured to fight recklessly!
The orc warrior attacks as it pursues you!
The orc warrior hits you with a +0 battleaxe!
* * * LOW HITPOINT WARNING * * *
The orc warrior attacks as it pursues you!
The orc warrior barely misses you.
The orc warrior attacks as it pursues you!
The orc warrior misses you.
The orc warrior attacks as it pursues you!
The orc warrior barely misses you.
The orc warrior attacks as it pursues you!
The orc warrior closely misses you.
The orc warrior attacks as it pursues you!
The orc warrior hits you with a +0 battleaxe!
* * * LOW HITPOINT WARNING * * *
The orc warrior attacks as it pursues you!
You block the orc warrior's attack.
The orc warrior attacks as it pursues you!
The orc warrior hits you with a +0 battleaxe!
* * * LOW HITPOINT WARNING * * *
The orc warrior attacks as it pursues you!
You block the orc warrior's attack.
The orc warrior attacks as it pursues you!
You block the orc warrior's attack.
The orc warrior attacks as it pursues you!
The orc warrior hits you with a +0 battleaxe!
You die...

#................# #.##
#................# #..##
#................####...#####
#.......#.##.##......<......##
#.......#.##.##.##...........###
#.........##.##.##..............
#........###.##.##...........#..
######........#o.....).......###
#.........#@..#..#..##...(.#
#.........#.#.#.##..###.##..
#...........#.......# #.#...
##..........#>...###.###...##
#...........#.##.# #..##..###
#####.............##.# #.....## #
...##............###.# #.##..# ##
.................##..# #.##..###.
.................##.####.##..##..


You could see an orc warrior.

Vanquished Creatures
  Pikel (D:4)
  Eustachio (D:6)
  A water moccasin (D:6)
  A black bear (D:6)
  2 lemures
  A phantom (D:5)
  A centaur (D:6)
  3 scorpions
  2 bombardier beetles
  2 orc priests
  A sleepcap (D:5)
  4 hounds
  An iguana (D:6)
  Jessica (D:3)
  Natasha (twice) (D:2)
  Ijyb (D:4)
  2 orc wizards
  5 gnolls
  2 adders
  A white imp (D:6)
  2 ribbon worms
  16 orcs
  8 ball pythons
  4 endoplasms
  5 giant cockroaches
  9 goblins
  7 hobgoblins
  2 jackals (D:4)
  5 quokkas
  4 bats
  3 frilled lizards
  5 kobolds
  10 rats
115 creatures vanquished.

Notes
Turn   | Place    | Note
-------+----------+-------------------------------------------
     0 | D:1      | Colgate the Vampire Reaver began the quest for the Orb.
     0 | D:1      | Reached XP level 1. HP: 16/16 MP: 3/3
   354 | D:1      | Reached XP level 2. HP: 20/22 MP: 5/5
   869 | D:2      | Noticed Natasha
   877 | D:2      | Killed Natasha
   878 | D:2      | Reached skill level 1 in Polearms
   878 | D:2      | Gained mutation: You are afflicted with vampirism and can
                  | become a bat while bloodless. [Vampire growth]
   878 | D:2      | Reached XP level 3. HP: 5/27 MP: 4/6
   957 | D:2      | Found Tarchez's Antique Armour Shoppe.
  1224 | D:2      | Noticed Natasha
  1257 | D:2      | Killed Natasha
  1258 | D:2      | Reached XP level 4. HP: 23/28 MP: 7/7
  2687 | D:2      | Reached XP level 5. HP: 35/38 MP: 8/8
  2750 | D:3      | Noticed Jessica
  2761 | D:3      | Killed Jessica
  3463 | D:4      | Found a blossoming altar of Fedhas.
  3520 | D:4      | Found a bloodstained altar of Trog.
  3652 | D:4      | Reached XP level 6. HP: 43/44 MP: 9/9
  3813 | D:4      | Noticed Pikel
  3879 | D:4      | Became a worshipper of Trog the Wrathful
  3899 | D:4      | Paralysed by Pikel for 4 turns
  3907 | D:5      | Entered Level 5 of the Dungeon
  3934 | D:5      | Reached skill level 5 in Polearms
  4055 | D:5      | Found Kifac's Self-Improvement Boutique.
  4157 | D:4      | Noticed Ijyb
  4179 | D:4      | Killed Ijyb
  4767 | D:4      | Paralysed by Pikel for 4 turns
  4817 | D:4      | Killed Pikel
  4818 | D:4      | Reached skill level 5 in Shapeshifting
  4818 | D:4      | Reached XP level 7. HP: 31/49 MP: 10/10
  5361 | D:5      | Reached skill level 6 in Shapeshifting
  5361 | D:5      | Reached XP level 8. HP: 46/55 MP: 11/11
  5536 | D:5      | Found a runed translucent door.
  5543 | D:5      | Noticed Eitelfritz's ghost (novice TrGl)
  5706 | D:6      | Noticed Eustachio
  5852 | D:6      | Killed Eustachio
  5900 | D:6      | Reached skill level 7 in Shapeshifting
  6317 | D:2      | Bought a runed scarf for 216 gold pieces
  6721 | D:6      | Reached skill level 8 in Shapeshifting
  7475 | D:5      | HP: 2/55 [orc warrior/+0 battleaxe (12)]
  8803 | D:5      | HP: 2/55 [orc warrior/+0 battleaxe (14)]
  8812 | D:5      | Slain by an orc warrior

Illustrated notes

Levels and vault maps discovered:
D:1:      psy_arrival_radial02, layout_basic, minmay_misc_feat_enclosed,
          minmay_misc_feat_nine_boxes
D:2:      layout_basic, serial_shops, shop, uniq_natasha
D:3:      layout_basic, mainiacjoe_sewer_entry_somewhere_in_here_1, uniq_jessica
D:4:      layout_gridville, mainiacjoe_overflow_cross_hatched,
          overflow_temple_1_default, kennysheep_big_empty_room,
          kennysheep_cluttered_room, uniq_ijyb, uniq_pikel
D:5:      layout_rooms, ebering_ghost_sewer_d, nicolae_shop_self_help
D:6:      layout_basic, uniq_eustachio

Skill      XL: |  1  2  3  4  5  6  7  8 |
---------------+-------------------------+-----
Long Blades    | 4 |  4.0
Polearms       | 1 2 3 4 5 |  5.5
Shapeshifting  | 5 6 8 |  8.8
Fighting       | |  1.7
Dodging        | |  2.1
Spellcasting   | |  2.0
Conjurations   | |  2.1

Action                     |  1- 3 |  4- 6 |  7- 9 || total
---------------------------+-------+-------+-------++-------
  Melee: Falchion          |    93 |       |       ||    93
         Bite              |     2 |    23 |    29 ||    54
         Punch             |     1 |     1 |       ||     2
         Trident           |     6 |   359 |   269 ||   634
  Throw: Dart              |       |     2 |       ||     2
   Cast: Kiss of Death     |     3 |       |       ||     3
  Evoke: Wand              |       |     1 |       ||     1
    Use: Scroll            |       |     7 |       ||     7
         Potion            |       |     4 |       ||     4
   Stab: Sleeping          |     1 |       |       ||     1
 Armour: Leather armour    |    54 |     1 |       ||    55
         Plate armour      |       |   277 |   397 ||   674
         Scale mail        |       |    24 |       ||    24
  Dodge: Dodged            |    60 |    62 |   111 ||   233
  Block: Kite shield       |       |    89 |   170 ||   259
         Form:             |       |       |     1 ||     1
         Blade             |       |       |     1 ||     1
